 Dungeon Crawl Stone Soup version 0.19-a0-860-g5c370dd (webtiles) character file.

111 scalarboson the Skirmisher (level 4, 0/37 HPs)
             Began as a Demonspawn Fighter on July 3, 2016.
             Hit by a goblin thrown by Robin (2 damage)
             ... on level 2 of the Dungeon.
             The game lasted 00:03:13 (1396 turns).

scalarboson the Skirmisher (Demonspawn Fighter)     Turns: 1396, Time: 00:03:15

Health: 0/37       AC:  6    Str: 17    XL:     4   Next: 62%
Magic:  4/4        EV:  7    Int: 10    God:
Gold:   77         SH:  9    Dex: 12    Spells: 0 memorised, 3 levels left

rFire  . . .     SeeInvis .     a - +0 trident
rCold  . . .     Gourm    .     b - +0 scale mail
rNeg   . . .     Faith    .     c - +0 shield
rPois  .         Spirit   .     (no helmet)
rElec  .         Dismiss  .     (no cloak)
rCorr  .         Reflect  .     (no gloves)
SustAt .         Harm     .     (no boots)
MR     .....                    (no amulet)
Stlth  ..........               (no ring)
                                (no ring)

@: not resistant to hostile enchantments, extremely unstealthy
A: talons 1, powered by pain 1
a: no special abilities


You were on level 2 of the Dungeon.
You were not hungry.

You visited 1 branch of the dungeon, and saw 2 of its levels.

You collected 77 gold pieces.

Inventory:

Hand Weapons
 a - a +0 trident (weapon)
Armour
 b - a +0 scale mail (worn)
 c - a +0 shield (worn)
Wands
 d - a wand of flame (33/48)
Scrolls
 e - a scroll of identify
 h - a scroll of enchant armour {unknown}
Comestibles
 g - a slice of pizza


   Skills:
 + Level 3.8 Fighting
 + Level 2.3 Polearms
 + Level 3.4 Armour
 + Level 0.8 Dodging
 + Level 3.3 Shields


You had 3 spell levels left.
You didn't know any spells.

Dungeon Overview and Level Annotations

Branches:
Dungeon (2/15)

Altars:
Okawaru

Annotations:
D:2 Robin


Innate Abilities, Weirdness & Mutations

You have sharp toenails.
You sometimes gain a little power by taking damage.


Message History

The goblin no longer looks unusually strong.
You block the goblin's attack. The goblin barely misses you.
Robin roars a battlecry!
The goblins go into a battle-frenzy!
You block Robin's attack.
Zapping:
d - a wand of flame (34/48)
Press: ? - help, Shift-Dir - straight line, f - goblin
Aim: a goblin, wielding a dagger (almost dead, unusually strong)
The puff of flame misses the goblin.
This wand has 33 charges left.
The goblin no longer looks unusually strong.
The goblin hits you but does no damage. You block the goblin's attack.
Robin hits you from afar with a spear of piercing.
* * * LOW HITPOINT WARNING * * *
x2 You miss the goblin.
You claw the goblin.
You kill the goblin!
The hobgoblin no longer looks unusually strong.
The goblin hits you with a dagger!
* * * LOW HITPOINT WARNING * * *
Robin throws the goblin at you!
You die...

#.#####†# #.# #.# #.# #.####
##### #.# #....# #...# #.# ####.#
#...######
#.########)####>........
#.........g.............
#.########g####.........
#>........g@)gg.........
#.############..........
######.#.............#.......
.......#.######.)....#######.
.#######.######......#
.#####...............#...........
.......#...###...................
##########.# #.......#...........
#.# #.......#.........).


You could see Robin, a hobgoblin and 3 goblins.

Vanquished Creatures
  Jessica (D:2)
  Natasha (D:1)
  Terence (D:2)
  A worm (D:2)
  A giant gecko (D:1)
  9 goblins
  5 hobgoblins (D:1)
  4 jackals (D:1)
  A bat (D:1)
  4 giant newts
  2 kobolds
  3 rats (D:1)
33 creatures vanquished.

Notes
Turn   | Place    | Note
-------+----------+-------------------------------------------
     0 | D:1      | scalarboson the Demonspawn Fighter began the quest for the Orb.
     0 | D:1      | Reached XP level 1. HP: 18/18 MP: 1/1
   204 | D:1      | Found an iron altar of Okawaru.
   208 | D:1      | Gained mutation: You sometimes gain a little power by taking damage. [demonic ancestry]
   208 | D:1      | Reached XP level 2. HP: 24/24 MP: 2/2
   862 | D:2      | Noticed Jessica
   862 | D:2      | Noticed Natasha
   878 | D:1      | Killed Natasha
   878 | D:1      | Reached XP level 3. HP: 8/30 MP: 3/3
  1130 | D:2      | Killed Jessica
  1130 | D:2      | Gained mutation: You have sharp toenails. [demonic ancestry]
  1130 | D:2      | Reached XP level 4. HP: 18/37 MP: 4/4
  1342 | D:2      | Noticed Terence
  1359 | D:2      | Killed Terence
  1382 | D:2      | Noticed Robin
  1396 | D:2      | Hit by a goblin thrown by Robin

Vault maps used:
D:1:      lemuel_arrival_broad_hall, okawaru_ov_weapons_minmay
D:2:      kennysheep_slug_shrine, first_bread, uniq_jessica, uniq_terence,
          uniq_robin, uniq_natasha

Skill      XL: |  1  2  3 |
---------------+----------+-----
Armour         | 3 |  3.4
Shields        | 3 |  3.3
Polearms       | 2 |  2.3
Fighting       | |  3.8
Dodging        | |  0.8

Action                   |  1- 3 |  4- 6 || total
-------------------------+-------+-------++-------
Melee: Trident           |    90 |    36 ||   126
       Kick              |       |    12 ||    12
Evoke: Wand              |       |     1 ||     1
  Use: Potion            |     2 |       ||     2
       Scroll            |       |     1 ||     1
  Eat: Bread ration      |     1 |       ||     1
Armor: Scale mail        |    38 |     9 ||    47
Dodge: Dodged            |    20 |    12 ||    32
Block: Shield            |    43 |    24 ||    67
